 Dungeon Crawl Stone Soup version 0.28.0-53-g5a82cb258f (webtiles) character file.

Game seed: 15486060121419544203

95 funkygono the Covered (level 4, -10/40 HPs)
             Began as a Minotaur Fighter on June 30, 2022.
             Mangled by Crazy Yiuf
             ... wielding a +4 quarterstaff of chaos
              (16 damage)
             ... on level 2 of the Dungeon.
             The game lasted 00:02:24 (1519 turns).

funkygono the Covered (Minotaur Fighter)            Turns: 1519, Time: 00:02:25

Health: -10/40     AC:  7    Str: 22    XL:     4   Next: 40%
Magic:  0/3        EV:  9    Int:  5    God:
Gold:   19         SH:  4    Dex: 10    Spells: 3/3 levels left

rFire   . . .      SeeInvis .   a - +0 long sword
rCold   . . .      Faith    .   c - +0 buckler
rNeg    . . .      Spirit   .   b - +0 scale mail
rPois   .          Reflect  .   (helmet restricted)
rElec   .          Harm     .   (no cloak)
rCorr   .          Rampage  .   (no gloves)
Will    .....                   (no boots)
Stlth   ..........              (no amulet)
HPRegen 0.13/turn               l - ring of wizardry
MPRegen 0.08/turn               (no ring)

@: no status effects
A: horns 2, retaliatory headbutt
a: no special abilities


You were on level 2 of the Dungeon.
You visited 1 branch of the dungeon, and saw 2 of its levels.

You collected 19 gold pieces.

Inventory:

Hand Weapons
 a - a +0 long sword (weapon)
 q - a +0 mace of draining
Missiles
 k - 6 boomerangs (quivered)
 m - 16 bolts
 o - 6 poisoned darts
Armour
 b - a +0 scale mail (worn)
 c - a +0 buckler (worn)
Jewellery
 l - a ring of wizardry (left hand)
Scrolls
 e - a scroll of fear {unknown}
 f - 2 scrolls of teleportation {unknown}
 h - a scroll of magic mapping {unknown}
 i - 4 scrolls of identify {unknown}
 p - a scroll of noise {unknown}
Potions
 d - a potion of might
 g - a potion of haste {unknown}
 j - a potion of curing {unknown}
 n - a potion of ambrosia {unknown}


   Skills:
 + Level 4.2 Fighting
 + Level 4.1 Long Blades
 + Level 4.3 Armour
 + Level 0.5 Dodging
 + Level 0.1 Stealth
 + Level 4.0 Shields


You had 3 spell levels left.
You didn't know any spells.
Your spell library contained the following spells:

 Spells                   Type           Power      Damage    Failure   Level
 Stone Arrow              Conj/Erth      0%         3d7       88%         3
 Animate Armour           Summ/Erth      0%         N/A       99%         4
 Lehudib's Crystal Spear  Conj/Erth      0%         10d2      100%        8


Dungeon Overview and Level Annotations

Branches:
Dungeon (2/15)

Altars:

Annotations:
D:2 Crazy Yiuf


Innate Abilities, Weirdness & Mutations

You have a pair of horns on your head.
You reflexively headbutt those who attack you in melee.


Message History

You kill the bat!
Found a mace.
Found a runed mace.
Found a mace.
You see here a +0 mace of draining.
q - a +0 mace of draining
Found seven maces.
Found a runed translucent door.
You see here a +0 mace.
Found a mace.
Crazy Yiuf says, "Powder wrapper Hive!"
You see here a +0 mace.
You see here a +0 mace.
Found three maces.
Crazy Yiuf twirls on the spot.
You see here a +0 mace.
You open the door.
Crazy Yiuf says, "Millenium!"
You hit Crazy Yiuf.
Crazy Yiuf is lightly wounded.
Crazy Yiuf hits you with a +4 quarterstaff of chaos!
You suddenly lose the ability to move!
Crazy Yiuf cries, "Action mobile bush!"
Crazy Yiuf hits you with a +4 quarterstaff of chaos.
You feel your power leaking away.
Crazy Yiuf hits you with a +4 quarterstaff of chaos.
Crazy Yiuf burns you.
Crazy Yiuf hits you with a +4 quarterstaff of chaos.
Crazy Yiuf burns you.
Crazy Yiuf hits you with a +4 quarterstaff of chaos!
* * * LOW HITPOINT WARNING * * *
You can move again.
You closely miss Crazy Yiuf.
Crazy Yiuf is lightly wounded.
Crazy Yiuf closely misses you. You furiously retaliate!
You headbutt Crazy Yiuf! You hit Crazy Yiuf but do no damage.
You headbutt Crazy Yiuf, but do no damage.
Crazy Yiuf is heavily wounded.
Crazy Yiuf hits you with a +4 quarterstaff of chaos!
You die...

........###...# #.#.......
##............####.##.####.
##.####.###........#### #
.÷......# ##########
........# ##.####.# ...#
#.##♣♣ ### ##.# ##....♣♣
♣♣#)))# ##.#
#......♣♣♣♣@g)).#
##.###.......♣))♣#)))#
...........)♣)♣♣♣ ###
##########♣♣♣♣♣


You could see Crazy Yiuf.

Vanquished Creatures
  Robin (D:2)
  2 adders (D:2)
  A worm (D:2)
  7 ball pythons
  4 bats
  4 endoplasms (D:2)
  4 giant cockroaches
  9 goblins (D:2)
  9 hobgoblins
  3 jackals (D:1)
  5 frilled lizards
  6 kobolds
  4 rats (D:1)
59 creatures vanquished.

Notes
Turn   | Place    | Note
-------+----------+-------------------------------------------
     0 | D:1      | funkygono the Minotaur Fighter began the quest for the Orb.
     0 | D:1      | Reached XP level 1. HP: 19/19 MP: 0/0
   144 | D:1      | Reached XP level 2. HP: 25/27 MP: 1/1
   630 | D:2      | Noticed Robin
   646 | D:2      | Killed Robin
   647 | D:2      | Reached XP level 3. HP: 27/33 MP: 2/2
   930 | D:2      | Reached XP level 4. HP: 40/40 MP: 3/3
  1048 | D:2      | Found a faded altar of an unknown god.
  1508 | D:2      | Found a runed translucent door.
  1509 | D:2      | Noticed Crazy Yiuf
  1513 | D:2      | Paralysed by Crazy Yiuf for 5 turns
  1519 | D:2      | Mangled by Crazy Yiuf

Illustrated notes

Levels and vault maps discovered:
D:1:      dpeg_arrival_lava_temple_mockup, layout_basic, serial_park_tiny_2,
          kennysheep_boxes
D:2:      layout_loops_ring, ebering_ecumenical_altar_sacrificial,
          nrook_mini_vaults, hangedman_decor_slide_cut,
          minmay_fractal_squares_gapless_5, uniq_robin, uniq_crazy_yiuf_cottage

Skill      XL: |  1  2  3 |
---------------+----------+-----
Long Blades    | 3 4 |  4.1
Fighting       | 4 |  4.2
Armour         | 4 |  4.3
Shields        | 4 |  4.0
Dodging        | |  0.5
Stealth        | |  0.1

Action                   |  1- 3 |  4- 6 || total
-------------------------+-------+-------++-------
Melee: Long sword        |    83 |    32 ||   115
       Headbutt          |     9 |     4 ||    13
Armor: Scale mail        |    52 |    16 ||    68
Dodge: Dodged            |    52 |     9 ||    61
Block: Buckler           |    17 |     7 ||    24
